 Dungeon Crawl Stone Soup version 0.19-a0-1905-ge8b2aad (webtiles) character file.

60 Morenatsu the Slasher (level 4, 0/28 HPs)
             Began as a Tengu Monk on Oct 21, 2016.
             Slain by Sigmund
             ... wielding a +0 scythe
              (4 damage)
             ... on level 2 of the Dungeon.
             The game lasted 00:02:20 (1018 turns).

Morenatsu the Slasher (Tengu Monk)                  Turns: 1018, Time: 00:02:20

Health: 0/28       AC:  3    Str: 11    XL:     4   Next: 6%
Magic:  5/5        EV: 14    Int: 10    God:
Gold:   128        SH:  0    Dex: 18    Spells: 0 memorised, 3 levels left

rFire  . . .     SeeInvis .     a - +0 falchion
rCold  . . .     Gourm    .     b - +0 robe
rNeg   . . .     Faith    .     (no shield)
rPois  .         Spirit   .     (helmet restricted)
rElec  .         Reflect  .     f - +0 cloak
rCorr  .         Harm     .     (no gloves)
MR     .....                    (boots unavailable)
Stlth  ++........               (no amulet)
                                (no ring)
                                (no ring)

@: no status effects
A: beak, talons 3
a: no special abilities


You were on level 2 of the Dungeon.
You were not hungry.

You visited 1 branch of the dungeon, and saw 2 of its levels.

You collected 128 gold pieces.

Inventory:

Hand Weapons
 a - a +0 falchion (weapon)
Armour
 b - a +0 robe (worn)
 f - a +0 cloak (worn)
Wands
 l - a wand of polymorph (6/24)
Scrolls
 d - 2 scrolls of teleportation
Potions
 e - a potion of berserk rage {unknown}
 g - a potion of haste {unknown}
 k - a potion of curing {unknown}
Comestibles
 c - a bread ration
 h - a meat ration
 i - a chunk of flesh
 j - 2 fruits


   Skills:
 - Level 3.0 Fighting
 + Level 5.2 Long Blades
 - Level 3.2 Dodging
 - Level 2.0 Stealth


You had 3 spell levels left.
You didn't know any spells.

Dungeon Overview and Level Annotations

Branches:
Dungeon (2/15)

Altars:
Fedhas

Annotations:
D:2 Sigmund


Innate Abilities, Weirdness & Mutations

You have a beak for a mouth.
You have claws for feet.


Message History

Sigmund flickers and vanishes!
Deactivating autopickup; reactivate with Ctrl-A.
You hit something. Something hits you!
Some of the chunks of flesh in your inventory have rotted away.
You barely miss something. You claw something. You peck something.
Something hits you.
You hit something. Your kick misses something.
A kobold comes into view.
The kobold shouts!
You hit something. Something hits you.
You hit something.
You hear some strange, mumbled words.
A magic dart appears from out of thin air!
The magic dart hits you!
* * * LOW HITPOINT WARNING * * *
You closely miss something. You claw something. Something hits you.
* * * LOW HITPOINT WARNING * * *
You barely miss something. You hit something. Your kick misses something.
Something hits you.
You die...

.. # #..# #. #..#
#. #... #. #.. #.
#.# .###. ##$#
..... #!K# ####
#.@##.#.# #
#..{....# .##.####
#†###..>.. ........
#.# #### .##.....
#.# #######
#.######### .......
#.........#########
#########..........
###########


You could see a kobold.

Vanquished Creatures
  2 adders (D:2)
  An ooze (D:1)
  3 dart slugs (D:1)
  2 bats
  5 giant cockroaches (D:1)
  5 goblins
  5 hobgoblins
  3 kobolds
  A ball python (D:2)
  2 frilled lizards
  2 rats
31 creatures vanquished.

Notes
Turn   | Place    | Note
-------+----------+-------------------------------------------
     0 | D:1      | Morenatsu the Tengu Monk began the quest for the Orb.
     0 | D:1      | Reached XP level 1. HP: 14/14 MP: 2/2
   119 | D:1      | Reached XP level 2. HP: 18/19 MP: 3/3
   129 | D:1      | Reached skill level 4 in Long Blades
   316 | D:1      | Reached XP level 3. HP: 22/23 MP: 4/4
   758 | D:2      | Reached skill level 5 in Long Blades
   927 | D:2      | Found a blossoming altar of Fedhas.
   954 | D:2      | Reached XP level 4. HP: 28/28 MP: 5/5
  1001 | D:2      | Noticed Sigmund
  1018 | D:2      | Slain by Sigmund

Vault maps used:
D:1:      minmay_arrival_glassed_features
D:2:      lemuel_crystal_altar, lemuel_round_altar, uniq_sigmund

Skill      XL: |  1  2  3 |
---------------+----------+-----
Long Blades    | 4 5 |  5.2
Fighting       | |  3.0
Dodging        | |  3.2
Stealth        | |  2.0

Action                   |  1- 3 |  4- 6 || total
-------------------------+-------+-------++-------
Melee: Falchion          |    66 |    18 ||    84
       Kick              |    21 |     4 ||    25
       Peck              |    17 |     3 ||    20
  Use: Scroll            |     7 |       ||     7
 Stab: Sleeping          |    10 |       ||    10
Armor: Robe              |    11 |     1 ||    12
Dodge: Dodged            |    39 |     3 ||    42
       Rpst.: Falchion   |    13 |     1 ||    14
